[ PARTIDA AOE2 · #504984437 ]
UnrankedAztecas vs Lithuanians
Equipo del jugador · VICT
Equipo rival · DERR
[ ANÁLISIS DE REPETICIÓN · EXTRAÍDO DE LA PARTIDA GRABADA ]
Feudal
10:39
Castillos
24:10
Imperial
—
| APM promedio | 53.5 |
| APM pico | 102 |
| eAPM promedio | 26.8 |
| Aldeanos / militares | 64 / 37 |
Foco
⚔️ 34.6% · 🌾 65.4%
Archer ×13 · Unknown (2626) ×11 · Fire Galley ×8 · Militia ×6 · Eagle Scout ×5 · Fishing Ship ×5
Feudal
10:23
Castillos
20:23
Imperial
—
| APM promedio | 52.1 |
| APM pico | 92 |
| eAPM promedio | 22.7 |
| Aldeanos / militares | 49 / 33 |
Foco
⚔️ 51.9% · 🌾 48.1%
Unknown (2626) ×20 · Cavalry Archer ×11 · Fishing Ship ×9 · Archer ×7 · Skirmisher ×7 · Militia ×4
Mapa de la partida
Recursos iniciales + cada clic de construcción. Líneas = muros · curvas = relieve. ◆ oro · ⬟ piedra · ● bayas · ✦ reliquia · ◌ hueco del cierre
Tu base· ✓ Cerrada en 24:10 · 21t muro · 1 puerta(s)
Base de G-Dragon· Abierta — el rival se encerró
Terreno inicial suavizado · ◌ = hueco del cierre detectado · pasá el cursor para detalles
Inputs por minuto
— Leonidas - - G-Dragon
Build order — Leonidas
Primeras 150 de 203 acciones detectadas
| 0:00 | Crear | Villager (Male) |
| 0:02 | Construir | House |
| 0:04 | Construir | House |
| 0:05 | Investigar | Loom |
| 0:08 | Crear | Villager (Male) |
| 0:11 | Crear | Villager (Male) |
| 0:12 | Crear | Villager (Male) |
| 0:13 | Crear | Villager (Male) |
| 0:13 | Crear | Villager (Male) |
| 1:25 | Crear | Villager (Male) |
| 1:25 | Crear | Villager (Male) |
| 2:00 | Crear | Villager (Male) |
| 2:20 | Construir | Lumber Camp |
| 2:37 | Crear | Villager (Male) |
| 3:00 | Crear | Villager (Male) |
| 3:20 | Crear | Villager (Male) |
| 3:21 | Crear | Villager (Male) |
| 3:48 | Crear | Villager (Male) |
| 3:48 | Crear | Villager (Male) |
| 4:00 | Crear | Villager (Male) |
| 4:00 | Crear | Villager (Male) |
| 4:19 | Construir | House |
| 5:03 | Crear | Villager (Male) |
| 5:12 | Crear | Villager (Male) |
| 5:41 | Crear | Villager (Male) |
| 5:56 | Crear | Villager (Male) |
| 5:59 | Construir | House |
| 6:01 | Construir | Dock |
| 6:28 | Crear | Villager (Male) |
| 6:50 | Crear | Fishing Ship |
| 6:50 | Crear | Villager (Male) |
| 7:08 | Crear | Fishing Ship |
| 7:10 | Construir | House |
| 7:16 | Crear | Villager (Male) |
| 8:03 | Crear | Villager (Male) |
| 8:29 | Investigar | Feudal Age |
| 8:29 | Investigar | Feudal Age |
| 8:35 | Construir | Barracks |
| 9:02 | Construir | House |
| 9:06 | Construir | House |
| 9:15 | Crear | Fishing Ship |
| 9:25 | Crear | Militia |
| 9:25 | Crear | Militia |
| 9:26 | Crear | Militia |
| 9:28 | Crear | Militia |
| 9:29 | Crear | Militia |
| 9:29 | Crear | Militia |
| 9:46 | Construir | House |
| 9:51 | Crear | Villager (Male) |
| 10:39 | Edad | Edad Feudal |
| 10:41 | Investigar | Man-at-Arms (upgrade) |
| 10:53 | Construir | Archery Range |
| 10:55 | Crear | Villager (Male) |
| 11:03 | Crear | Spearman |
| 11:14 | Construir | Mill |
| 11:15 | Investigar | Double-Bit Axe |
| 11:19 | Crear | Villager (Male) |
| 11:23 | Construir | Mining Camp |
| 11:32 | Crear | Villager (Male) |
| 11:40 | Construir | House |
| 11:40 | Crear | Skirmisher |
| 12:23 | Crear | Villager (Male) |
| 12:45 | Construir | Dock |
| 12:46 | Crear | Archer |
| 12:58 | Crear | Villager (Male) |
| 13:13 | Crear | Archer |
| 13:15 | Crear | Villager (Male) |
| 13:30 | Crear | Unit 2626 |
| 13:30 | Crear | Unit 2626 |
| 13:31 | Crear | Villager (Male) |
| 13:48 | Construir | Palisade Gate |
| 13:50 | Crear | Villager (Male) |
| 13:51 | Crear | Archer |
| 13:58 | Crear | Fishing Ship |
| 14:18 | Construir | Dock |
| 14:20 | Crear | Villager (Male) |
| 14:24 | Construir | Palisade Wall |
| 14:27 | Construir | Farm |
| 14:29 | Construir | Farm |
| 14:31 | Crear | Villager (Male) |
| 14:39 | Crear | Archer |
| 14:45 | Investigar | Town Watch |
| 14:45 | Investigar | Town Watch |
| 14:50 | Crear | Unit 2626 |
| 14:59 | Crear | Fire Galley |
| 15:00 | Crear | Villager (Male) |
| 15:02 | Construir | House |
| 15:04 | Construir | House |
| 15:06 | Construir | Farm |
| 15:08 | Crear | Villager (Male) |
| 15:10 | Construir | House |
| 15:32 | Crear | Archer |
| 15:37 | Crear | Fire Galley |
| 15:39 | Construir | House |
| 15:46 | Construir | Palisade Wall |
| 15:59 | Construir | Palisade Wall |
| 16:06 | Crear | Villager (Male) |
| 16:08 | Crear | Archer |
| 16:17 | Construir | Dock |
| 16:30 | Crear | Villager (Male) |
| 16:31 | Construir | Lumber Camp |
| 16:36 | Crear | Villager (Male) |
| 16:37 | Crear | Archer |
| 16:46 | Construir | Dock |
| 16:58 | Crear | Villager (Male) |
| 17:02 | Construir | House |
| 17:03 | Construir | Palisade Wall |
| 17:10 | Crear | Archer |
| 17:15 | Construir | Blacksmith |
| 17:19 | Construir | Farm |
| 17:27 | Crear | Archer |
| 17:33 | Crear | Villager (Male) |
| 17:38 | Construir | House |
| 17:42 | Crear | Archer |
| 17:49 | Investigar | Fletching |
| 17:49 | Investigar | Fletching |
| 17:54 | Construir | Farm |
| 17:55 | Construir | Farm |
| 17:56 | Crear | Villager (Male) |
| 17:58 | Crear | Unit 2626 |
| 18:09 | Crear | Fire Galley |
| 18:09 | Crear | Fire Galley |
| 18:12 | Construir | House |
| 18:14 | Crear | Archer |
| 18:25 | Crear | Villager (Male) |
| 18:27 | Crear | Archer |
| 18:49 | Construir | House |
| 18:50 | Crear | Unit 2626 |
| 18:55 | Crear | Unit 2626 |
| 18:57 | Crear | Unit 2626 |
| 18:59 | Crear | Villager (Male) |
| 19:02 | Construir | Dock |
| 19:17 | Construir | Dock |
| 19:21 | Crear | Villager (Male) |
| 19:27 | Construir | House |
| 19:32 | Construir | Farm |
| 19:38 | Construir | Lumber Camp |
| 19:40 | Crear | Villager (Male) |
| 19:51 | Crear | Fire Galley |
| 19:51 | Crear | Fire Galley |
| 19:52 | Crear | Villager (Male) |
| 19:58 | Crear | Villager (Male) |
| 20:05 | Construir | House |
| 20:29 | Crear | Villager (Male) |
| 20:32 | Construir | Market |
| 20:39 | Crear | Transport Ship |
| 20:52 | Construir | Stone Wall |
| 20:55 | Crear | Villager (Male) |
| 21:30 | Investigar | Castle Age |
| 21:31 | Investigar | Castle Age |
Build order — G-Dragon
Primeras 150 de 184 acciones detectadas
| 0:01 | Crear | Villager (Male) |
| 0:02 | Construir | House |
| 0:03 | Investigar | Loom |
| 0:15 | Construir | House |
| 0:25 | Crear | Villager (Male) |
| 0:44 | Crear | Villager (Male) |
| 1:00 | Construir | Lumber Camp |
| 1:07 | Crear | Villager (Male) |
| 1:08 | Crear | Villager (Male) |
| 1:08 | Crear | Villager (Male) |
| 1:33 | Crear | Villager (Male) |
| 1:33 | Crear | Villager (Male) |
| 2:20 | Crear | Villager (Male) |
| 3:07 | Construir | Dock |
| 3:14 | Crear | Villager (Male) |
| 3:42 | Crear | Villager (Male) |
| 3:51 | Crear | Fishing Ship |
| 3:55 | Construir | House |
| 4:17 | Crear | Villager (Male) |
| 4:22 | Construir | House |
| 4:46 | Crear | Villager (Male) |
| 4:58 | Crear | Fishing Ship |
| 5:15 | Crear | Villager (Male) |
| 5:34 | Crear | Villager (Male) |
| 5:42 | Crear | Fishing Ship |
| 5:58 | Crear | Villager (Male) |
| 6:17 | Crear | Fishing Ship |
| 6:24 | Crear | Villager (Male) |
| 6:33 | Construir | House |
| 6:48 | Crear | Villager (Male) |
| 6:53 | Crear | Fishing Ship |
| 7:05 | Construir | House |
| 7:19 | Crear | Villager (Male) |
| 7:37 | Crear | Fishing Ship |
| 7:44 | Crear | Villager (Male) |
| 8:13 | Investigar | Feudal Age |
| 8:14 | Investigar | Feudal Age |
| 8:31 | Construir | Mining Camp |
| 9:02 | Construir | House |
| 9:04 | Construir | Palisade Wall |
| 9:38 | Construir | Barracks |
| 10:21 | Crear | Villager (Male) |
| 10:23 | Edad | Edad Feudal |
| 10:24 | Construir | Dock |
| 10:32 | Crear | Militia |
| 10:33 | Crear | Militia |
| 10:51 | Crear | Militia |
| 10:59 | Crear | Villager (Male) |
| 11:10 | Construir | Archery Range |
| 11:17 | Investigar | Man-at-Arms (upgrade) |
| 11:18 | Investigar | Double-Bit Axe |
| 11:18 | Investigar | Double-Bit Axe |
| 11:30 | Crear | Villager (Male) |
| 11:49 | Crear | Militia |
| 11:52 | Crear | Villager (Male) |
| 11:55 | Construir | House |
| 12:05 | Crear | Fishing Ship |
| 12:10 | Crear | Archer |
| 12:16 | Construir | Palisade Wall |
| 12:21 | Construir | House |
| 12:27 | Construir | Palisade Wall |
| 12:43 | Crear | Villager (Male) |
| 12:43 | Crear | Villager (Male) |
| 12:58 | Crear | Villager (Male) |
| 13:05 | Crear | Fire Galley |
| 13:21 | Crear | Villager (Male) |
| 13:41 | Construir | Mill |
| 13:42 | Crear | Villager (Male) |
| 13:50 | Crear | Unit 2626 |
| 13:58 | Crear | Unit 2626 |
| 14:06 | Crear | Villager (Male) |
| 14:15 | Construir | House |
| 14:17 | Crear | Archer |
| 14:19 | Construir | Blacksmith |
| 14:35 | Crear | Archer |
| 14:38 | Crear | Villager (Male) |
| 14:50 | Crear | Unit 2626 |
| 14:57 | Crear | Villager (Male) |
| 15:17 | Investigar | Fletching |
| 15:29 | Crear | Archer |
| 15:40 | Crear | Villager (Male) |
| 15:42 | Construir | House |
| 15:51 | Construir | Fish Trap |
| 15:58 | Crear | Unit 2626 |
| 16:13 | Crear | Villager (Male) |
| 16:16 | Investigar | Gold Mining |
| 16:24 | Crear | Archer |
| 16:37 | Crear | Villager (Male) |
| 16:52 | Crear | Villager (Male) |
| 16:59 | Construir | Fish Trap |
| 17:09 | Construir | Farm |
| 17:26 | Investigar | Castle Age |
| 17:26 | Investigar | Castle Age |
| 17:32 | Crear | Unit 2626 |
| 17:48 | Crear | Unit 2626 |
| 18:06 | Crear | Unit 2626 |
| 18:27 | Crear | Archer |
| 18:27 | Crear | Archer |
| 18:55 | Construir | Fish Trap |
| 19:01 | Crear | Skirmisher |
| 19:08 | Investigar | Town Watch |
| 19:13 | Construir | Palisade Gate |
| 19:24 | Crear | Unit 2626 |
| 19:28 | Construir | House |
| 19:30 | Crear | Skirmisher |
| 19:31 | Crear | Skirmisher |
| 19:33 | Investigar | Padded Archer Armor |
| 19:44 | Construir | Lumber Camp |
| 19:55 | Construir | Fish Trap |
| 20:08 | Crear | Unit 2626 |
| 20:21 | Crear | Villager (Male) |
| 20:23 | Crear | Skirmisher |
| 20:23 | Edad | Edad de los Castillos |
| 20:33 | Investigar | War Galley (upgrade) |
| 20:42 | Crear | Unit 2626 |
| 20:54 | Crear | Skirmisher |
| 20:55 | Investigar | Bodkin Arrow |
| 21:01 | Crear | Villager (Male) |
| 21:11 | Construir | Lumber Camp |
| 21:17 | Crear | Skirmisher |
| 21:22 | Crear | Unit 2626 |
| 21:30 | Crear | Villager (Male) |
| 21:35 | Crear | Unit 2626 |
| 21:42 | Crear | Unit 2626 |
| 21:55 | Crear | Villager (Male) |
| 22:05 | Crear | Skirmisher |
| 22:17 | Crear | Villager (Male) |
| 22:37 | Construir | Lumber Camp |
| 22:44 | Construir | House |
| 22:54 | Construir | House |
| 22:55 | Construir | House |
| 23:01 | Crear | Cavalry Archer |
| 23:05 | Construir | House |
| 23:06 | Construir | Archery Range |
| 23:11 | Crear | Villager (Male) |
| 23:14 | Construir | Farm |
| 23:33 | Construir | Fish Trap |
| 23:41 | Crear | Villager (Male) |
| 23:50 | Construir | Farm |
| 23:55 | Crear | Cavalry Archer |
| 24:01 | Crear | Cavalry Archer |
| 24:08 | Crear | Unit 2626 |
| 24:14 | Crear | Villager (Male) |
| 24:16 | Construir | Farm |
| 24:17 | Construir | Farm |
| 24:24 | Crear | Cavalry Archer |
| 24:25 | Crear | Cavalry Archer |
| 24:30 | Crear | Villager (Male) |
| 24:32 | Construir | Farm |
| 24:33 | Construir | Farm |
Cronología de la partida
| 3:07 | G-Dragon · first_building Dock |
| 6:01 | Leonidas · first_building Dock |
| 8:35 | Leonidas · first_building Barracks |
| 9:04 | G-Dragon · wall_segment Palisade Wall x1 |
| 9:38 | G-Dragon · first_building Barracks |
| 10:23 | G-Dragon · age_up feudal |
| 10:39 | Leonidas · age_up feudal |
| 10:53 | Leonidas · first_building Archery Range |
| 11:10 | G-Dragon · first_building Archery Range |
| 12:16 | G-Dragon · wall_segment Palisade Wall x1 |
| 12:27 | G-Dragon · wall_segment Palisade Wall x1 |
| 14:24 | Leonidas · wall_segment Palisade Wall x4 |
| 15:46 | Leonidas · wall_segment Palisade Wall x7 |
| 15:59 | Leonidas · wall_segment Palisade Wall x1 |
| 17:03 | Leonidas · wall_segment Palisade Wall x1 |
| 20:23 | G-Dragon · age_up castle |
| 20:52 | Leonidas · wall_segment Stone Wall x5 |
| 21:02 | Leonidas · first_market_buy 100 food |
| 21:06 | Leonidas · first_market_sell 500 stone |
| 22:47 | Leonidas · wall_segment Stone Wall x4 |
| 24:10 | Leonidas · age_up castle |
| 24:16 | Leonidas · first_building Siege Workshop |
| 24:58 | Leonidas · wall_segment Stone Wall x1 |
| 25:50 | G-Dragon · first_building Monastery |
| 26:37 | G-Dragon · first_building Stable |
| 27:59 | G-Dragon · first_building Siege Workshop |
| 28:44 | G-Dragon · resign |
[ ANÁLISIS IA · 1 CRÉDITO ]
¿Qué pasó realmente en esta partida?
Wolo.gg analiza cada decisión: build order, eco, micro, errores típicos por bracket. Análisis personalizado por WhatsApp o Discord en 30 segundos.
Guía civ
Aztecas
Perfil
Jugador #1210686